 Dungeon Crawl Stone Soup version 0.21.1-1-g345015f (webtiles) character file.

16 inc the Magician (level 2, 0/11 HPs)
             Began as a Felid Wizard on Feb 22, 2018.
             Succumbed to an adder's poison
             ... on level 2 of the Dungeon.
             The game lasted 00:00:38 (259 turns).

inc the Magician (Felid Wizard)                      Turns: 259, Time: 00:00:38

Health: 0/11       AC:  1    Str:  3    XL:     2   Next: 41%
Magic:  1/7        EV: 17    Int: 19    God:
Gold:   7          SH:  0    Dex: 14    Spells: 6/7 levels left
                                        Lives:  0   Deaths: 0

rFire    . . .     SeeInvis +     - Unarmed
rCold    . . .     Gourm    .   (shield unavailable)
rNeg     . . .     Faith    .   (armour unavailable)
rPois    .         Spirit   .   (helmet unavailable)
rElec    .         Reflect  .   (cloak unavailable)
rCorr    .         Harm     .   (gloves unavailable)
MR       .....                  (boots unavailable)
Stlth    +++.......             (no amulet)
HPRegen  0.03/turn              (no ring)
MPRegen  0.10/turn              (no ring)

@: lethally poisoned (0 -> -6), quick
A: very small, no armour, no weapons or thrown items, stealth, claws 1, fangs 3,
see invisible, carnivore, speed 1, shaggy fur 1, slow metabolism 1, sharp paws
a: no special abilities


You were on level 2 of the Dungeon.
You were very full.

You visited 1 branch of the dungeon, and saw 2 of its levels.

You collected 7 gold pieces.

Inventory:

Scrolls
 c - a scroll of blinking {unknown}
Books
 a - a book of Minor Magic

   Spells                             Type                      Level
   a - Magic Dart                     Conjuration                  1
   b - Blink                          Translocation                2
   c - Call Imp                       Summoning                    2
   d - Slow                           Hexes                        2
   e - Conjure Flame                  Conjuration/Fire             3
   f - Mephitic Cloud                 Conjuration/Poison/Air       3
Comestibles
 b - a ration


   Skills:
 - Level 2.6 Dodging
 - Level 2.6 Stealth
 + Level 2.0 Unarmed Combat
 - Level 3.0 Spellcasting
 - Level 1.1 Conjurations
   Level 1.0 Summonings
   Level 1.5 Translocations


You had 6 spell levels left.
You knew the following spells:

 Your Spells              Type           Power        Failure   Level  Hunger
a - Magic Dart            Conj           #...         10%         1    None


Dungeon Overview and Level Annotations

Branches:
Dungeon (2/15)

Altars:


Innate Abilities, Weirdness & Mutations

You cannot wear armour.
You are incapable of wielding weapons or throwing items.
Your paws allow you to move quietly. (Stealth)
You have sharp claws.
You have razor-sharp teeth.
You have supernaturally acute eyesight. (SInv)
You are carnivorous and can eat meat at any time.
You cover ground quickly.
You are covered in fur. (AC +1)
You have a slow metabolism.
Your sharp claws are effective at attacking unaware monsters.


Message History

You feel sick. The adder closely misses you.
You closely miss the adder.
The adder is moderately wounded.
* * * LOW HITPOINT WARNING * * *
You feel sick. The adder misses you.
You scratch the adder.
The adder is severely wounded.
The adder barely misses you.
You scratch the adder.
You kill the adder!
Your Unarmed Combat skill increases to level 2!
You have reached level 2!
* * * LOW HITPOINT WARNING * * *
You feel sick.
You aren't carrying any potions.
* * * LOW HITPOINT WARNING * * *
You feel sick.
* * * LOW HITPOINT WARNING * * *
You feel sick.
You die...

#.##...#######.###
...#..............
..........###..##.
#..#...#.###..# #..##.
#..##.##.###..###..##.
#..##.##...........##.
#..##.##...........##.
#..##.#######.####.##.
#..##@# ###.####....
#..##.#####.........##
#..##....##.#.####..#
#................#..#
#<######g##.#.##.#..#
#.## #.##.#... #..#
#..# #.##.####.#..#
##.# #.##.# .... #.#
##.##.# #..#


You could see a goblin.

Vanquished Creatures
  An adder (D:2)
  A leopard gecko (D:2)
  2 giant cockroaches (D:2)
  A kobold (D:1)
  A bat (D:2)
6 creatures vanquished.

Notes
Turn   | Place    | Note
-------+----------+-------------------------------------------
     0 | D:1      | inc the Felid Wizard began the quest for the Orb.
     0 | D:1      | Reached XP level 1. HP: 7/7 MP: 5/5
    43 | D:1      | Reached skill level 1 in Conjurations
   186 | D:2      | Reached skill level 1 in Unarmed Combat
   246 | D:2      | Reached XP level 2. HP: 3/11 MP: 0/7
   259 | D:2      | Succumbed to an adder's poison

Skill      XL: |  1 |
---------------+----+-----
Conjurations   | 1 |  1.1
Unarmed Combat | 2 |  2.0
Dodging        | |  2.6
Stealth        | |  2.6
Spellcasting   | |  3.0
Summonings     | |  1.0
Translocations | |  1.5

Action                   || total
-------------------------++-------
Melee: Unarmed           ||    15
 Cast: Magic Dart        ||     7
 Stab: Sleeping          ||     2
  Eat: Chunk             ||     4
Armor: Skin              ||     1
Dodge: Dodged            ||    20
